 Dungeon Crawl Stone Soup version 0.32-a0-607-g64ea0e4219 (webtiles) character file.

Game seed: 5275597042116819491

85682 GottStarb the Necromancer (level 15, -10/73 (126) HPs)
             Began as a Green Draconian Wanderer on Mar 3, 2024.
             Was a Follower of Yredelemnul.
             Mangled by a seven-headed hydra (12 damage)
             ... on level 15 of the Dungeon.
             The game lasted 00:50:02 (29256 turns).

GottStarb the Necromancer (DrWn)                   Turns: 29256, Time: 00:50:03

HP:   -10/73 (126)  AC: 15    Str: 14    XL:     15   Next: 38%
MP:   7/29          EV: 20    Int: 20    God:    Yredelemnul [*.....]
Gold: 1494          SH:  8    Dex: 15    Spells: 16/35 levels left

rFire   + . .        M - +8 whip "Snakebite" {venom, curare, rPois}
rCold   . . .        I - +2 buckler {reflect}
rNeg    . . .        (body armour unavailable)
rPois   +            (helmet restricted)
rElec   +            d - +1 cloak
rCorr   .            e - +2 pair of gloves of the Pits of Slime {+Blink rElec rF+ Str-2}
SInv    .            h - +0 pair of boots
Will    +....        D - amulet of magic regeneration
Stlth   +++          v - +6 ring of strength
HPRegen 0.32/turn    U - +5 ring of evasion
MPRegen 0.61/turn

%: reflection
@: very slightly contaminated, wreathed by umbra, very heavily drained
A: noxious breath, AC +9, unfitting armour, stinger 1, poison resistance,
cold-blooded
a: Noxious Breath, Renounce Religion, Evoke Blink, Light the Black Torch, Recall
Undead Harvest


You were on level 15 of the Dungeon.
You worshipped Yredelemnul.
Yredelemnul was noncommittal.
You visited 4 branches of the dungeon, and saw 23 of its levels.

You collected 2421 gold pieces.
You spent 927 gold pieces at shops.

Inventory:

Hand Weapons
 M - the +8 whip "Snakebite" (weapon) {venom, curare, rPois}
   (You took it off Amaemon on level 8 of the Dungeon)

   rPois:     It protects you from poison.
Missiles
 b - 6 atropa-tipped darts
 k - 36 poisoned darts
 p - 2 datura-tipped darts
 P - 2 throwing nets
 Y - 7 curare-tipped darts
Armour
 d - a +1 cloak (worn)
 e - the +2 pair of gloves of the Pits of Slime (worn) {+Blink rElec rF+ Str-2}
   (You bought it in a shop on level 2 of the Orcish Mines)

   Str-2:     It affects your strength (-2).
   rF+:       It protects you from fire.
   rElec:     It insulates you from electricity.
   +Blink:    It lets you blink.
 h - a +0 pair of boots (worn)
 I - a +2 buckler of reflection (worn)
 S - the +0 pair of gloves of the Earth {rElec}
   (You found it on level 14 of the Dungeon)

   rElec:     It insulates you from electricity.
Magical Staves
 L - a staff of earth
Jewellery
 v - a +6 ring of strength (left hand)
 D - an amulet of magic regeneration (around neck)
 E - the ring "Pissil" {*Slow rC+ rN+ rCorr Str+6}
   (You bought it in a shop on level 2 of the Orcish Mines)

   [ring of strength]

   Str+6:     It affects your strength (+6).
   rC+:       It protects you from cold.
   rN+:       It protects you from negative energy.
   rCorr:     It protects you from acid and corrosion.
   *Slow:     It may slow you when you take damage.
 U - a +5 ring of evasion (right hand)
Wands
 m - a wand of warping (2)
 G - a wand of flame (16)
 J - a wand of mindburst (14)
 O - a wand of polymorph (15)
Scrolls
 c - a scroll of blinking {@r4}
 f - 5 scrolls of enchant armour
 j - 4 scrolls of teleportation {@r3}
 o - 2 scrolls of amnesia
 q - 5 scrolls of vulnerability {!r}
 r - a scroll of fear
 u - 4 scrolls of immolation
 y - 4 scrolls of revelation {@r5}
 z - 4 scrolls of poison
 B - 5 scrolls of fog {@r2}
 K - 2 scrolls of enchant weapon {unknown}
 N - a scroll of brand weapon
 X - 2 scrolls of silence {!r}
 Z - 5 scrolls of torment {unknown}
Potions
 a - 6 potions of ambrosia
 g - 7 potions of curing {@q2}
 i - 4 potions of cancellation {unknown}
 l - 3 potions of mutation {unknown}
 n - 3 potions of attraction {unknown}
 s - 3 potions of lignification {unknown}
 t - 3 potions of heal wounds {unknown}
 w - 2 potions of degeneration {unknown}
 x - 5 potions of might {@q3}
 A - 3 potions of enlightenment {unknown}
 C - 5 potions of brilliance {unknown}
 Q - a potion of haste {unknown}
 R - a potion of berserk rage {unknown}
 T - 2 potions of resistance {unknown}
 V - 2 potions of magic {unknown}
Miscellaneous
 H - a phial of floods (inert)
 W - a box of beasts (inert)


   Skills:
 - Level 10.0 Fighting
 - Level 8.0 Dodging
 - Level 5.0 Stealth
 - Level 7.0 Shields
 + Level 10.7 Spellcasting
 + Level 12.6 Summonings
 + Level 16.4 Necromancy
 - Level 5.0 Earth Magic


You had 16 spell levels left.
You knew the following spells:

 Your Spells              Type           Power      Damage    Failure   Level
a - Anguish               Hex/Necr       21%        N/A       2%          4
b - Borgnjor's Vile Clut  Necr/Erth      26%        N/A       2%          5
h - Haunt                 Necr/Summ      31%        N/A       19%         7
s - Sandblast             Erth           60%        2d14      1%          1
B - Blink                 Tloc           20%        N/A       12%         2

Your spell library contained the following spells:

 Spells                   Type           Power      Damage    Failure   Level
 Kiss of Death            Conj/Necr      100%       2d13      1%          1
 Summon Small Mammal      Summ           100%       N/A       1%          1
 Cigotuvi's Dreadful Rot  Necr/Alch/Air  64%        N/A       1%          2
 Call Canine Familiar     Summ           57%        N/A       1%          3
 Fugue of the Fallen      Necr           66%        N/A       1%          3
 Summon Ice Beast         Ice/Summ       36%        N/A       1%          3
 Vampiric Draining        Necr           66%        2d10      1%          3
 Dispel Undead            Necr           66%        3d23      1%          4
 Martyr's Knell           Necr/Summ      62%        N/A       1%          4
 Passwall                 Erth           30%        N/A       3%          3
 Summon Blazeheart Golem  Fire/Summ      36%        N/A       6%          4
 Magic Dart               Conj           40%        1d5       9%          1
 Lesser Beckoning         Tloc           20%        N/A       12%         2
 Mercury Vapours          Alch/Air       20%        N/A       12%         2
 Momentum Strike          Conj/Tloc      20%        3d8       12%         2
 Searing Ray              Conj           20%        2d5       12%         2
 Confusing Touch          Hex            10%        N/A       24%         3
 Hailstorm                Conj/Ice       10%        3d6       24%         3
 Mephitic Cloud           Conj/Alch/Air  10%        N/A       24%         3
 Borgnjor's Revivificati  Necr           33%        N/A       54%         8
 Infestation              Necr           33%        N/A       54%         8
 Cause Fear               Hex            5%         N/A       63%         4
 Fulminant Prism          Conj/Alch      5%         3d7       63%         4
 Ignite Poison            Fire/Alch      10%        N/A       63%         4
 Sticky Flame             Fire/Alch      10%        2d5       63%         4
 Vhi's Electric Charge    Tloc/Air       20%        N/A       63%         4
 Arcjolt                  Conj/Air       5%         1d15      92%         5
 Freezing Cloud           Conj/Ice/Air   5%         6-21      92%         5
 Plasma Beam              Fire/Air       5%         2x1d15    100%        6
 Sculpt Simulacrum        Ice/Alch       5%         N/A       100%        6
 Enfeeble                 Hex            5%         N/A       100%        7
 Ignition                 Fire           5%         3d4       100%        8
 Death's Door             Necr           33%        N/A       100%        9


Dungeon Overview and Level Annotations

Branches:
Dungeon (15/15)            Temple (1/1) D:4            Lair (5/5) D:10
 Shoals (0/4) Lair:3       Spider (0/4) Lair:2        Slime (0/5) Lair:5
    Orc (2/2) D:10            Elf (0/3) Orc:2        Vaults (0/5) D:13
 Depths: D:15

Altars:
Ashenzari
Cheibriados
Dithmenos
Elyvilon
Fedhas
Gozag
Hepliaklqana
Kikubaaqudgha
Makhleb
Nemelex Xobeh
Okawaru
Qazlal
Ru
Sif Muna
Trog
Uskayaw
Vehumet
Wu Jian
Xom
Yredelemnul
Zin
The Shining One
Jiyva

Shops:
D:5 [   D:15 [   Orc:2 :![*


Innate Abilities, Weirdness & Mutations

You can breathe blasts of noxious fumes.
Your lurid green scales are hard. (AC +9)
You cannot fit into any form of body armour.
Your tail ends in a venomous barb.
Your system is resistant to poisons. (rPois)
You are cold-blooded and may be slowed by cold attacks.


Message History

The seven-headed hydra misses you.
The zombie hands constrict the seven-headed hydra!
The seven-headed hydra escapes!
The seven-headed hydra attacks as it pursues you!
The seven-headed hydra bites you but does no damage.
You block the seven-headed hydra's attack.
The seven-headed hydra bites you!
* * * LOW HITPOINT WARNING * * *
The seven-headed hydra bites you!
* * * LOW HITPOINT WARNING * * *
The seven-headed hydra barely misses you.
The seven-headed hydra bites you but does no damage.
The seven-headed hydra misses you.
Casting: Anguish (dangerous; 2% risk of failure)
Confirm with . or Enter, or press ? or * to list all spells.
Aiming: Borgnjor's Vile Clutch (dangerous; 2% risk of failure)
Press: ? - help, Shift-Dir - straight line, f - seven-headed hydra
Aim: a seven-headed hydra (heavily wounded, umbra, 100% to hit)
Zombie hands grab the seven-headed hydra.
The zombie hands constrict the seven-headed hydra.
The seven-headed hydra closely misses you.
The seven-headed hydra bites you.
* * * LOW HITPOINT WARNING * * *
The seven-headed hydra bites you.
* * * LOW HITPOINT WARNING * * *
The seven-headed hydra bites you but does no damage.
The seven-headed hydra bites you.
* * * LOW HITPOINT WARNING * * *
The seven-headed hydra misses you. x2
Casting: Borgnjor's Vile Clutch (dangerous; 2% risk of failure)
Confirm with . or Enter, or press ? or * to list all spells.
You miscast Blink.
You are very lightly contaminated with residual magic.
Nothing appears to happen.
The zombie hands constrict the seven-headed hydra!
You block the seven-headed hydra's attack. x2
The seven-headed hydra barely misses you.
The seven-headed hydra bites you!
You die...
Your body rises from the dead as a mindless zombie.

.........#..#.....#.#
....................#
....................#
....#...........#...#
....................#
....................#
........######..##..#
..............).....#
...............D@...#
..........).....<...#
....................#
#########........#
#....###.# #....# .#
..........#
............
####..).....#


You could see a seven-headed hydra (clutched).

Vanquished Creatures
  Rupert (D:12)
  An orc warlord (D:10)
  An ettin (Orc:2)
  Josephine (Orc:1)
  Erolcha (D:12)
  A vault guard (D:13)
  An ogre mage (Orc:1)
  A rakshasa (D:15)
  Harold (D:8)
  A catoblepas (Lair:5)
  2 hydras
  A centaur warrior (D:15)
  7 two-headed ogres
  3 boulder beetles
  3 death yaks (Lair:5)
  A deep troll shaman (Lair:5)
  A tengu warrior (D:14)
  An occultist (D:15)
  3 orc high priests
  Sonja (D:11)
  Amaemon (D:8)
  A skyshark (Lair:3)
  Lodul (D:12)
  A lindwurm (Lair:5)
  4 orc knights (Orc:2)
  A deep elf pyromancer (D:15)
  4 orc sorcerers
  An ugly thing zombie (D:14)
  A necromancer (D:15)
  3 cyclopes
  3 ugly things (D:14)
  2 black mambas
  3 meliai (D:15)
  28 elephants
  3 kobold blastminers (Orc:2)
  An eye of devastation (Lair:5)
  Joseph (D:8)
  11 cane toads
  4 gargoyles
  3 kobold demonologists
  An unseen horror (D:10)
  An orange demon (D:9)
  8 komodo dragons
  A redback zombie (D:12)
  Psyche (D:9)
  A queen bee (Lair:2)
  4 polar bears
  7 trolls
  A hornet (Lair:3)
  A glass eye (Lair:5)
  9 blink frogs
  7 dream sheep (Lair:5)
  2 slime creatures (D:12)
  2 shadows
  4 centaur simulacra
  26 yaks
  3 basilisks
  8 wraiths
  Grum (D:11)
  3 wargs
  8 redbacks
  4 steam dragons
  4 vampire mosquitoes
  A tengu zombie (D:14)
  17 water moccasins
  22 orc warriors
  3 laughing skulls
  A sky beast (D:7)
  7 black bears
  5 ice beasts
  12 ogres
  4 boggarts (Lair:4)
  33 wolves
  5 centaurs
  2 phantoms
  2 kobold brigands
  Blork the orc (D:6)
  18 bullfrogs
  2 scorpions
  A gnoll sergeant (D:8)
  4 wights
  The ghost of Malog the Ruffian, a weakling DrSh (D:3)
  41 killer bees
  5 howler monkeys
  2 electric eels
  5 bombardier beetles
  An ogre zombie (D:12)
  A jelly (D:4)
  18 orc priests
  4 hounds
  A gnoll bouda (D:10)
  3 sleepcaps
  4 iguanas
  23 orc wizards
  4 hell rats (Lair:5)
  6 gnolls
  10 adders
  2 shadow imps
  6 white imps
  2 howler monkey simulacra (D:10)
  3 ufetubi
  2 ribbon worms
  3 dart slugs (D:3)
  73 orcs
  9 bats
  4 endoplasms
  2 giant cockroaches
  8 goblins
  7 hobgoblins
  7 jackals
  13 kobolds
  3 quokkas
  11 ball pythons
  3 frilled lizards
  7 rats
651 creatures vanquished.

Vanquished Creatures (collateral kills)
  Jorgrun (D:12)
  A catoblepas (D:15)
  A dancing weapon (D:13)
  2 ugly things (D:14)
  A slime creature (D:12)
  A wraith (D:13)
  An ogre (D:12)
  An orc (D:12)
9 creatures vanquished.

Vanquished Creatures (others)
  An orc high priest (Orc:2)
  2 cyclopes
  A meliai zombie (D:15)
  A wyvern (D:9)
  A laughing skull (D:14)
  A troll zombie (D:14)
  An ogre zombie (D:12)
  2 orc zombies (D:12)
10 creatures vanquished.

Grand Total: 670 creatures vanquished

Notes
Turn   | Place    | Note
-------+----------+-------------------------------------------
     0 | D:1      | GottStarb the Draconian Wanderer began the quest for the
                  | Orb.
     0 | D:1      | GottStarb set off with the following items: a +0 dagger, an
                  | atropa-tipped dart, 2 datura-tipped darts, a +0 cloak, a
                  | scroll of blinking {@r4}; and the following spell
                  | memorised: Sandblast; and the following spells available to
                  | memorise: Passwall.
     0 | D:1      | Reached XP level 1. HP: 16/16 MP: 3/3
   280 | D:1      | Reached XP level 2. HP: 23/23 MP: 1/5
   781 | D:2      | Reached XP level 3. HP: 28/28 MP: 2/6
  1492 | D:2      | Found a faded altar of an unknown god.
  2007 | D:3      | Reached XP level 4. HP: 36/36 MP: 0/7
  2192 | D:3      | Reached XP level 5. HP: 26/42 MP: 2/8
  2464 | D:3      | Found a large runed translucent door.
  2464 | D:3      | Found a large runed translucent door.
  2465 | D:3      | Noticed Malog's ghost (weakling DrSh)
  2972 | D:4      | Noticed a black bear
  2979 | D:4      | Noticed a steam dragon
  3118 | D:4      | Reached XP level 6. HP: 15/50 MP: 0/10
  3682 | D:4      | Killed a steam dragon
  3683 | D:4      | Your scales start taking on a lurid green colour.
  3683 | D:4      | Reached XP level 7. HP: 17/57 MP: 5/12
  3683 | D:4      | Gained mutation: Your system is resistant to poisons.
                  | (rPois) [Green Draconian growth]
  3919 | D:4      | Found a blossoming altar of Fedhas.
  3975 | D:4      | Found an ancient bone altar of Kikubaaqudgha.
  4258 | D:4      | Found a staircase to the Ecumenical Temple.
  4448 | Temple   | Entered the Ecumenical Temple
  4526 | D:4      | Became a worshipper of Kikubaaqudgha
  4542 | D:5      | Entered Level 5 of the Dungeon
  4636 | D:5      | Reached skill level 1 in Necromancy
  4636 | D:5      | Reached skill level 5 in Earth Magic
  4920 | D:5      | Reached skill level 5 in Stealth
  5071 | D:5      | Reached skill level 2 in Necromancy
  5071 | D:5      | Reached XP level 8. HP: 49/66 MP: 2/14
  5181 | D:5      | Found Erghif's Armour Boutique.
  5432 | D:5      | Found a broken altar of Ashenzari.
  5432 | D:5      | Found a shimmering altar of Xom.
  5629 | D:5      | Reached skill level 3 in Necromancy
  6055 | D:6      | Reached * piety under Kikubaaqudgha
  6055 | D:6      | Received a gift from Kikubaaqudgha
  6158 | D:6      | Noticed Blork the orc
  6167 | D:6      | Killed Blork the orc
  6168 | D:6      | Reached skill level 5 in Fighting
  6168 | D:6      | Reached skill level 4 in Necromancy
  6332 | D:6      | Found a radiant altar of Vehumet.
  6598 | D:6      | Found a shimmering blue altar of Sif Muna.
  6620 | D:6      | Reached XP level 9. HP: 71/74 MP: 16/16
  6737 | D:7      | Reached skill level 5 in Necromancy
  6755 | D:6      | Reached skill level 5 in Spellcasting
  7239 | D:7      | Reached skill level 5 in Dodging
  7456 | D:7      | Noticed a two-headed ogre
  7465 | D:7      | Killed a two-headed ogre
  7466 | D:7      | Reached skill level 6 in Necromancy
  7859 | D:7      | Reached ** piety under Kikubaaqudgha
  7874 | D:7      | Reached skill level 7 in Necromancy
  8116 | D:7      | Reached XP level 10. HP: 79/84 MP: 19/19
  8292 | D:7      | Found a snail-covered altar of Cheibriados.
  8293 | D:7      | Found a bloodstained altar of Trog.
  8293 | D:7      | Found a stormy altar of Qazlal.
  8393 | D:8      | Found a glowing golden altar of the Shining One.
  8601 | D:8      | Found a hide-covered altar of Uskayaw.
  8688 | D:8      | Reached skill level 8 in Necromancy
  8985 | D:8      | Noticed Joseph
  9002 | D:8      | Killed Joseph
  9187 | D:8      | Identified the +11 mace of Istriarept {venom, *Corrode rC+
                  | Dex+2}
  9281 | D:8      | Identified the +1 robe of a Labyrinth {rF+ rC+ Stlth+}
  9318 | D:9      | Noticed Psyche
  9331 | D:9      | Killed Psyche
  9583 | D:8      | Reached *** piety under Kikubaaqudgha
  9583 | D:8      | Received a gift from Kikubaaqudgha
  9595 | D:8      | Learned a level 5 spell: Borgnjor's Vile Clutch
  9677 | D:8      | Noticed a soul eater
  9688 | D:9      | Noticed a sixfirhy
  9696 | D:8      | Noticed a sixfirhy
  9698 | D:8      | Reached skill level 9 in Necromancy
  9803 | D:9      | Noticed an orange demon
  9813 | D:9      | Killed an orange demon
  9959 | D:9      | Noticed a two-headed ogre
  9960 | D:9      | Noticed Harold
  9969 | D:9      | Noticed Amaemon
 10003 | D:8      | Killed a two-headed ogre
 10004 | D:8      | Reached XP level 11. HP: 10/94 MP: 21/21
 10274 | D:8      | Killed Harold
 10577 | D:8      | Killed Amaemon
 10890 | D:9      | Reached skill level 10 in Necromancy
 10960 | D:9      | Found a glowing silver altar of Zin.
 10997 | D:10     | Entered Level 10 of the Dungeon
 11077 | D:10     | Reached skill level 1 in Summonings
 11133 | D:10     | Reached **** piety under Kikubaaqudgha
 11642 | D:10     | Found a staircase to the Lair.
 11668 | D:10     | Found a staircase to the Orcish Mines.
 12231 | D:3      | Killed Malog's ghost
 12378 | Lair:1   | Entered Level 1 of the Lair of Beasts
 12403 | D:10     | Reached skill level 1 in Shields
 12768 | Lair:1   | Reached ***** piety under Kikubaaqudgha
 12854 | Lair:1   | Reached XP level 12. HP: 83/104 MP: 23/23
 12991 | Lair:1   | Noticed a boulder beetle
 13006 | Lair:1   | Killed a boulder beetle
 13007 | Lair:1   | Reached skill level 11 in Necromancy
 13666 | Lair:2   | Found a hole to the Spider Nest.
 13765 | Lair:2   | Reached skill level 5 in Summonings
 13867 | Lair:2   | Reached skill level 5 in Shields
 14714 | Lair:3   | Reached skill level 10 in Fighting
 14799 | Lair:3   | You fall into a shaft and drop 1 floor!
 14864 | Lair:3   | Found a staircase to the Shoals.
 15211 | Lair:3   | Reached skill level 12 in Necromancy
 15429 | Lair:3   | Reached XP level 13. HP: 111/113 MP: 22/25
 16900 | Lair:5   | Entered Level 5 of the Lair of Beasts
 17557 | Lair:5   | Found a viscous altar of Jiyva.
 17559 | Lair:5   | Found a staircase to the Slime Pits.
 17814 | Lair:5   | Reached skill level 13 in Necromancy
 18392 | Lair:5   | Reached ****** piety under Kikubaaqudgha
 18684 | Lair:5   | Gained mutation: Your tail ends in a venomous barb. [Green
                  | Draconian growth]
 18684 | Lair:5   | Reached XP level 14. HP: 95/121 MP: 16/27
 19430 | Lair:5   | Received a gift from Kikubaaqudgha (forbidden knowledge)
 19603 | Orc:1    | Entered Level 1 of the Orcish Mines
 19603 | Orc:1    | Noticed an orc warlord
 19832 | D:10     | Killed an orc warlord
 20611 | Orc:2    | Entered Level 2 of the Orcish Mines
 20611 | Orc:2    | Found a staircase to the Elven Halls.
 20625 | Orc:1    | Reached skill level 10 in Summonings
 20794 | Orc:1    | Reached skill level 10 in Spellcasting
 20794 | Orc:1    | Reached skill level 14 in Necromancy
 21197 | Orc:2    | Noticed Josephine
 21368 | Orc:1    | Killed Josephine
 23309 | Orc:2    | Found Kiuxodgh's Book Shoppe.
 23309 | Orc:2    | Found Porchime's Assorted Antiques.
 23316 | Orc:2    | Reached skill level 15 in Necromancy
 23400 | Orc:2    | Found Ippeobbeo's Distillery.
 23400 | Orc:2    | Found Gibbuam's Antique Armour Boutique.
 23509 | Orc:2    | Bought a pair of bloodstained gloves for 294 gold pieces
 23509 | Orc:2    | Identified the +2 pair of gloves of the Pits of Slime
                  | {+Blink rElec rF+ Str-2} (You bought it in a shop on level
                  | 2 of the Orcish Mines)
 23522 | Orc:2    | Bought a glittering iron ring for 125 gold pieces
 23522 | Orc:2    | Identified the ring "Pissil" {*Slow rC+ rN+ rCorr Str+6}
                  | (You bought it in a shop on level 2 of the Orcish Mines)
 23522 | Orc:2    | Bought a scroll of summoning for 237 gold pieces
 23522 | Orc:2    | Bought a scroll of identify for 50 gold pieces
 23526 | Orc:2    | Bought 2 potions of curing for 102 gold pieces
 23526 | Orc:2    | Bought a potion of curing for 51 gold pieces
 23526 | Orc:2    | Bought a potion of might for 68 gold pieces
 23657 | D:11     | Noticed Sonja
 23665 | D:11     | Killed Sonja
 24116 | D:11     | Noticed Grum
 24133 | D:11     | Killed Grum
 24586 | Orc:2    | Learned a level 7 spell: Haunt
 24589 | Orc:2    | Learned a level 2 spell: Blink
 24594 | Orc:2    | Learned a level 4 spell: Anguish
 24817 | Temple   | Fell from the grace of Kikubaaqudgha
 24817 | Temple   | Became a worshipper of Yredelemnul the Fallen
 25409 | D:12     | Noticed Rupert
 25413 | D:12     | Noticed Jorgrun
 25428 | D:12     | Paralysed by Rupert for 4 turns
 25435 | D:12     | Paralysed by Rupert for 4 turns
 25443 | D:12     | Killed Rupert
 25452 | D:12     | Killed Jorgrun
 25756 | D:12     | Found a white marble altar of Elyvilon.
 25815 | D:12     | Noticed Lodul
 25819 | D:12     | Killed Lodul
 25819 | D:12     | Reached * piety under Yredelemnul
 25907 | D:12     | Noticed Erolcha
 25915 | D:12     | Killed Erolcha
 25916 | D:12     | Reached XP level 15. HP: 126/126 MP: 18/29
 26238 | D:12     | Identified the +1 robe of Immorality {Rampage *Slow rPois
                  | Dex+3}
 26602 | D:13     | Found a gate to the Vaults.
 26613 | D:13     | Reached skill level 16 in Necromancy
 27775 | D:14     | Identified the +0 pair of gloves of the Earth {rElec}
 28283 | D:14     | Reached ** piety under Yredelemnul
 28461 | D:15     | Entered Level 15 of the Dungeon
 28475 | D:15     | Found Gilgamesh's Dragon-Slaying Spoils.
 29255 | D:15     | HP: 3/73 [seven-headed hydra (3)]
 29256 | D:15     | Mangled by a seven-headed hydra

Illustrated notes

Levels and vault maps discovered:
D:1:      dpeg_arrival_stonehenge_8_columns, layout_loops_ring
D:2:      layout_basic, hellmonk_ecumenical_altar_crossroads,
          minmay_pentomino_v2
D:3:      layout_loops_ring, ebering_ghost_disaster_area, minmay_divided_ellipse
D:4:      layout_rooms, fedhas_altar_4, kennysheep_mini_moat,
          minmay_temple_entry_poolview, serial_forest,
          infiniplex_forest_lined_3, infiniplex_forest_clump_curved,
          infiniplex_forest_straight_2, infiniplex_forest_corner_1,
          infiniplex_forest_end_1
D:5:      layout_gridville, mainiacjoe_overflow_divided_tiny, serial_shops,
          shop, minivault_27, minivault_14, minmay_chambers_of_fives
D:6:      layout_basic, vehumet_altar_wand_db, kennysheep_orc_sif_temple,
          uniq_blork_the_orc
D:7:      kennysheep_windowed_halls, layout_basic, minitemple,
          nicolae_ossuary_entry_plus, minmay_misc_feat_doors,
          chequers_serial_rivers_marsh
D:8:      layout_basic, eat_drink_and_be_merry_uskayaw, lemuel_crystal_altar,
          uniq_joseph
D:9:      layout_gridville, zin_scriptorium, uniq_psyche, uniq_harold,
          uniq_amaemon
D:10:     layout_loops_ring, dpeg_oklobed_lair, serial_ice, serial_ice_m,
          serial_ice_f, serial_ice_e, serial_ice_n, serial_ice_i, serial_ice_c,
          serial_ice_b, nicolae_lava_and_water
D:11:     layout_small_grid, uniq_sonja, uniq_grum
D:12:     layout_irregular_city, elyvilon_altar_3, uniq_erolcha, uniq_rupert,
          uniq_lodul, uniq_jorgrun
D:13:     layout_basic, erik_vaults_1
D:14:     layout_loops_ring, minmay_staircase_bubble
D:15:     grunt_enter_depths_magical_seal, layout_stronghold,
          nicolae_shop_dragon_depot, minmay_misc_feat_four_crosses
Temple:   compressed_dpeg_circular_temple
Lair:1:   layout_loops_ring, evilmike_ambush [evilmike_ambush_outer_pillars,
          evilmike_ambush_inner_basic]
Lair:2:   layout_roguey [special_room_bee], spider_nest_entry_webs,
          serial_bayou_shore_a
Lair:3:   layout_cave_pods, minmay_shoals_entry_centaurs,
          dreamdust_mushroom_princess
Lair:4:   layout_cave_pods, kilobyte_rumbling_trees
Lair:5:   grunt_lair_end_beastmaster, layout_gridlike, minmay_slime_entry_eyes,
          infiniplex_staircase_pool
Orc:1:    layout_caves
Orc:2:    grunt_orc_tribal_feast, layout_caves, uniq_josephine

Skill      XL: |  1  2  3  4  5  6  7  8  9 10 11 12 13 14 15 |
---------------+----------------------------------------------+-----
Dodging        | 2 3 4 5 7 8 |  8.0
Earth Magic    | 2 3 4 5 |  5.0
Fighting       | 2 3 4 5 6 8 9 10 | 10.0
Stealth        | 4 5 |  5.0
Spellcasting   | 3 4 6 7 8 9 10 | 10.7
Necromancy     | 2 4 7 9 10 12 13 15 16 | 16.4
Summonings     | 3 6 9 12 | 12.6
Shields        | 2 6 7 |  7.0

Action                     |  1- 3 |  4- 6 |  7- 9 | 10-12 | 13-15 || total
---------------------------+-------+-------+-------+-------+-------++-------
  Melee: Dagger            |     9 |       |       |       |       ||     9
         Tailslap          |     3 |     4 |    13 |    62 |   193 ||   275
         Short sword       |    20 |    39 |    54 |    23 |       ||   136
         Mace              |       |       |       |    15 |       ||    15
         Whip              |       |       |       |   305 |   760 ||  1065
  Throw: Dart              |     1 |       |       |       |       ||     1
   Cast: Sandblast         |    61 |    98 |   249 |   246 |       ||   654
         Borgnjor's Vile C |       |       |       |    88 |   270 ||   358
         Anguish           |       |       |       |       |    19 ||    19
         Blink             |       |       |       |       |     2 ||     2
 Invoke: Light the Black T |       |       |       |       |     4 ||     4
         Receive Forbidden |       |       |       |       |     1 ||     1
Ability: Noxious Breath    |       |       |     4 |     4 |     4 ||    12
  Evoke: Wand              |       |       |     5 |    17 |    15 ||    37
         Phial of floods   |       |       |       |       |     1 ||     1
         Box of beasts     |       |       |       |       |     1 ||     1
    Use: Potion            |       |     1 |     3 |     2 |     9 ||    15
         Scroll            |       |     1 |     6 |     4 |     7 ||    18
   Stab: Confused          |       |       |     1 |     2 |     3 ||     6
         Sleeping          |       |       |       |     7 |     2 ||     9
         Petrified         |       |       |       |       |     7 ||     7
         Paralysed         |       |       |       |       |     1 ||     1
 Armour: Skin              |    25 |   107 |   246 |   406 |   583 ||  1367
  Dodge: Dodged            |    44 |   107 |   214 |   643 |  1070 ||  2078
  Block: Buckler           |       |       |       |   132 |   487 ||   619
         Reflection        |       |       |       |     3 |    14 ||    17

Table legend: (Time is in decaauts)
 A = Elapsed time spent in this place.
 B = Non-inter-level travel time spent in this place.
 C = Inter-level travel time spent in this place.
 D = Time resting spent in this place.
 E = Time spent auto-exploring this place.
 F = Levels seen in this place.
 G = Mean time per level.
                   A        B        C        D        E       F      G
               +--------+--------+--------+--------+--------+-----+--------+
         Total |  29929 |  28013 |   1916 |   6105 |  16810 |  23 | 1301.3 |
       Dungeon |  19147 |  17875 |   1272 |   4013 |  10722 |  15 | 1276.5 |
        Temple |     74 |      2 |     72 |      0 |      0 |   1 |   74.0 |
          Lair |   7137 |   6813 |    324 |    768 |   4710 |   5 | 1427.4 |
  Orcish Mines |   3571 |   3324 |    247 |   1323 |   1377 |   2 | 1785.5 |
               +--------+--------+--------+--------+--------+-----+--------+

Top non-repeatable levels by time:
     D:8: 2336 daAuts
  Lair:5: 2111 daAuts
    D:10: 1962 daAuts
     D:3: 1951 daAuts
   Orc:1: 1786 daAuts
   Orc:2: 1784 daAuts
  Lair:4: 1725 daAuts
     D:4: 1508 daAuts
    D:12: 1508 daAuts
     D:7: 1443 daAuts
  Lair:2: 1278 daAuts
    D:14: 1237 daAuts
     D:6: 1198 daAuts
     D:5: 1176 daAuts
  Lair:3: 1058 daAuts
